 Dungeon Crawl Stone Soup version 0.26-b1-32-g5d43845318 (webtiles) character file.

Game seed: 13989054345338196202

3098 Arum the Fighter (level 9, -1/74 HPs)
             Began as a Demonspawn Gladiator on Jan 8, 2021.
             Was a Believer of Ru.
             Killed by divine providence
             ... invoked by an orc priest
              (7 damage)
             ... on level 7 of the Dungeon.
             The game lasted 00:11:29 (7000 turns).

Arum the Fighter (Demonspawn Gladiator)             Turns: 7000, Time: 00:11:30

Health: -1/74      AC:  8    Str: 16    XL:     9   Next: 59%
Magic:  9/9        EV: 15    Int: 17    God:    Ru [**....]
Gold:   507        SH:  0    Dex: 15    Spells: 8/8 levels left

rFire    . . .     SeeInvis .   y - +3 falchion
rCold    + . .     Faith    .   (no shield)
rNeg     . . .     Spirit   .   c - +0 ring mail
rPois    .         Reflect  .   (helmet restricted)
rElec    .         Harm     .   m - +0 cloak
rCorr    .         Rampage  .   (no gloves)
Will     .....                  (no boots)
Stlth    ..........             k - amulet of regeneration
HPRegen  0.62/turn              f - ring of protection from cold
MPRegen  0.11/turn              w - +6 ring of intelligence

@: flying
A: antennae 2, iridescent scales 1, no stealth, no conjurations magic, no ice
magic, no transmutations magic
a: Renounce Religion


You were on level 7 of the Dungeon.
You worshipped Ru.
Ru was pleased with you.
You visited 2 branches of the dungeon, and saw 8 of its levels.
You also visited: Sewer.

You collected 507 gold pieces.

Inventory:

Hand Weapons
 x - a +1 great sword
 y - a +3 falchion (weapon)
Missiles
 d - 5 throwing nets (quivered)
Armour
 c - a +0 ring mail (worn)
 m - a +0 cloak (worn)
Jewellery
 f - a ring of protection from cold (left hand)
 i - an uncursed ring of flight
 k - an amulet of regeneration (around neck)
 n - an uncursed amulet of magic regeneration
 w - a +6 ring of intelligence (right hand)
Wands
 a - a wand of digging (3)
 l - a wand of flame (23)
 A - a wand of iceblast (3)
Scrolls
 b - 2 scrolls of remove curse
 e - 4 scrolls of identify
 q - 3 scrolls of fear
 r - 2 scrolls of teleportation
 u - a scroll of blinking
 v - a scroll of magic mapping
Potions
 g - a potion of ambrosia {unknown}
 h - a potion of mutation {unknown}
 j - 3 potions of flight
 o - 3 potions of curing {unknown}
 p - a potion of haste
 s - a potion of attraction {unknown}
 t - a potion of berserk rage
 z - a potion of resistance
 B - a potion of degeneration {unknown}
 C - a potion of might


   Skills:
 + Level 8.0 Fighting
 + Level 7.6 Long Blades
 - Level 1.7 Throwing
 + Level 7.6 Dodging


You had 8 spell levels left.
You didn't know any spells.
Your spell library was empty.

Dungeon Overview and Level Annotations

Branches:
Dungeon (7/15)             Temple (1/1) D:4           Sewer (visited)

Altars:
Ashenzari
Cheibriados
Dithmenos
Elyvilon
Fedhas
Gozag
Hepliaklqana
Makhleb
Qazlal
Ru
Sif Muna
Trog
Uskayaw
Vehumet
Wu Jian
Xom
Zin
The Shining One


Innate Abilities, Weirdness & Mutations

You have a pair of antennae on your head.
You are partially covered in iridescent scales. (AC +2)
You cannot be stealthy.
You cannot study or cast Conjurations magic.
You cannot study or cast Ice magic.
You cannot study or cast Transmutations magic.


Message History

The orc warrior hits you with a +0 mace!
* * * LOW HITPOINT WARNING * * *
The orc priest barely misses you.
An orc comes into view.
Unknown command.
The orc shouts!
You slash the orc priest!
The orc priest is heavily wounded.
The centaur hits you.
* * * LOW HITPOINT WARNING * * *
The orc warrior hits you but does no damage.
The orc priest looks satisfied for a moment.
It was a potion of flight.
You feel very buoyant.
You fly up into the air.
The centaur completely misses you. The centaur hits you.
* * * LOW HITPOINT WARNING * * *
The orc priest mumbles some strange prayers to Beogh against you.
Beogh smites you!
You die...

......###............#####
......# #........(.......#
......# #......[.(....###
#..........###
#.........## #......(##
#.....(### ##...o)..##..
#...@c.....#
......o......##
........####..# ........#
#.# ......... ..#
......... .# .......o.
..........


You could see an orc warrior, a centaur, an orc priest and an orc.

Vanquished Creatures
  Grinder (D:6)
  2 fire bats (D:6)
  A black bear (D:7)
  An ice beast (D:7)
  A sky beast (D:6)
  An orc warrior (D:7)
  A phantom (D:5)
  2 ogres
  2 centaurs
  5 bullfrogs
  A big kobold (Sewer)
  A scorpion (D:6)
  8 wights (D:6)
  3 bullfrog zombies
  Crazy Yiuf (D:2)
  A hound (D:4)
  A jelly (D:6)
  4 orc priests
  Jessica (D:2)
  An iguana (D:4)
  3 orc wizards
  14 worker ants
  5 gnolls
  2 river rats (Sewer)
  11 adders
  2 shadow imps
  2 ufetubi (D:5)
  3 adder skeletons
  An adder zombie (D:5)
  2 worms (D:3)
  2 dart slugs (D:1)
  6 leopard geckos
  19 orcs
  8 giant cockroaches
  11 goblins
  4 hobgoblins
  14 jackals
  11 kobolds
  7 quokkas
  4 bats
  2 frilled lizards (D:2)
  A giant cockroach zombie (D:5)
  10 rats
183 creatures vanquished.

Notes
Turn   | Place    | Note
-------+----------+-------------------------------------------
     0 | D:1      | Arum the Demonspawn Gladiator began the quest for the Orb.
     0 | D:1      | Reached XP level 1. HP: 16/16 MP: 1/1
    27 | D:1      | Gained mutation: You have a pair of small antennae on your
                  | head. [demonic ancestry]
    27 | D:1      | Reached XP level 2. HP: 4/22 MP: 2/2
   594 | D:1      | Reached XP level 3. HP: 15/28 MP: 3/3
  1109 | D:2      | Noticed Jessica
  1115 | D:2      | Killed Jessica
  1116 | D:2      | Reached skill level 3 in Fighting
  1116 | D:2      | Gained mutation: You have a pair of antennae on your head.
                  | [demonic ancestry]
  1116 | D:2      | Reached XP level 4. HP: 35/35 MP: 4/4
  1358 | D:2      | Found a runed translucent door.
  1359 | D:2      | Noticed Crazy Yiuf
  1370 | D:2      | Killed Crazy Yiuf
  1729 | D:2      | Reached XP level 5. HP: 41/41 MP: 5/5
  2861 | D:4      | HP: 2/42 [iguana (4)]
  2919 | D:4      | Gained mutation: You are partially covered in iridescent
                  | scales. (AC +2) [demonic ancestry]
  2919 | D:4      | Reached XP level 6. HP: 8/48 MP: 6/6
  2922 | D:4      | Reached skill level 4 in Fighting
  3381 | D:4      | Reached XP level 7. HP: 55/55 MP: 7/7
  3381 | D:4      | Found a staircase to the Ecumenical Temple.
  3497 | Temple   | Entered the Ecumenical Temple
  3603 | Temple   | Became a worshipper of Ru the Awakened
  4224 | D:5      | Entered Level 5 of the Dungeon
  4242 | D:5      | Found a glowing silver altar of Zin.
  4243 | D:5      | Found a hide-covered altar of Uskayaw.
  4243 | D:5      | Found a glowing golden altar of the Shining One.
  4262 | D:5      | Reached skill level 5 in Dodging
  4300 | D:5      | Reached skill level 5 in Fighting
  4300 | D:5      | Reached skill level 5 in Long Blades
  4311 | D:5      | Found a glowing drain.
  4336 | Sewer    | Entered a sewer
  4463 | Sewer    | Found a white marble altar of Elyvilon.
  4754 | D:5      | Reached XP level 8. HP: 60/64 MP: 8/8
  4776 | D:5      | Gained mutation: You cannot be stealthy. [Ru sacrifice]
  5205 | D:6      | Reached skill level 6 in Fighting
  5548 | D:6      | Found a transporter.
  5862 | D:6      | Reached skill level 7 in Fighting
  5875 | D:6      | Reached XP level 9. HP: 70/72 MP: 9/9
  6220 | D:6      | Noticed Grinder
  6242 | D:6      | Killed Grinder
  6311 | D:6      | Found a transporter.
  6461 | D:6      | HP: 1/73 [something (20)]
  6821 | D:7      | Reached skill level 8 in Fighting
  6993 | D:7      | Gained mutation: You cannot study or cast Ice magic. [Ru
                  | sacrifice]
  6993 | D:7      | Gained mutation: You cannot study or cast Transmutations
                  | magic. [Ru sacrifice]
  6993 | D:7      | Gained mutation: You cannot study or cast Conjurations
                  | magic. [Ru sacrifice]
  6993 | D:7      | Reached * piety under Ru
  6993 | D:7      | Reached ** piety under Ru
  7000 | D:7      | Killed from afar by an orc priest

Illustrated notes

Levels and vault maps discovered:
D:1:      dpeg_arrival_simpleton_c, layout_rooms, serial_curves, eino_curves_02,
          eino_curves_03
D:2:      layout_loops_ring, uniq_crazy_yiuf_cottage, uniq_jessica
D:3:      layout_loops_ring
D:4:      layout_basic, temple_hall
D:5:      layout_loops_ring, grunt_temple_overflow_open, portal_sewer_entry_f
D:6:      gammafunk_cloud_chamber, layout_loops_ring, uniq_grinder
D:7:      layout_layer_cave
Temple:   regret_index_temple_waves

Skill      XL: |  1  2  3  4  5  6  7  8  9 |
---------------+----------------------------+-----
Long Blades    | 3 4 5 6 7 |  7.6
Dodging        | 3 4 5 6 7 |  7.6
Fighting       | 3 4 5 7 8 |  8.0
Throwing       | |  1.7

Action                   |  1- 3 |  4- 6 |  7- 9 || total
-------------------------+-------+-------+-------++-------
Melee: Long sword        |    73 |   238 |   298 ||   609
       Great sword       |       |       |    55 ||    55
       Falchion          |       |       |   102 ||   102
Invok: Sacrifice Stealth |       |       |     1 ||     1
       Sacrifice Arcana  |       |       |     1 ||     1
Evoke: Wand              |       |     1 |       ||     1
  Use: Potion            |       |     3 |     1 ||     4
       Scroll            |       |       |     9 ||     9
Armor: Ring mail         |    19 |    80 |   180 ||   279
Dodge: Dodged            |    63 |   213 |   354 ||   630
       Rpst.: Long sword |    26 |    62 |    76 ||   164
       Great sword       |       |       |    13 ||    13
       Falchion          |       |       |    25 ||    25
